 Dungeon Crawl Stone Soup version 0.20.1-1-g8b1a95d (webtiles) character file.

25 mastercheaf21 the Shooter (level 2, 0/23 HPs)
             Began as a Centaur Arcane Marksman on Nov 8, 2017.
             Slain by a jackal (3 damage)
             ... on level 1 of the Dungeon.
             The game lasted 00:07:09 (665 turns).

mastercheaf21 the Shooter (Centaur Arcane Marksman)  Turns: 665, Time: 00:07:10

Health: 0/23       AC:  4    Str: 12    XL:     2   Next: 82%
Magic:  3/3        EV:  9    Int: 12    God:
Gold:   52         SH:  0    Dex:  9    Spells: 2/3 levels left

rFire    . . .     SeeInvis .   a - +0 shortbow
rCold    + . .     Gourm    .   (shield currently unavailable)
rNeg     . . .     Faith    .   e - +0 robe
rPois    .         Spirit   .   (no helmet)
rElec    .         Reflect  .   (no cloak)
rCorr    .         Harm     .   (no gloves)
MR       .....                  (no barding)
Stlth    +.........             (no amulet)
Regen    0.1/turn               b - ring of protection from cold
MPRegen  0.1/turn               (no ring)

@: very quick
A: hooves 3, deformed body, speed 2, tough skin 3
a: no special abilities


You were on level 1 of the Dungeon.
You were not hungry.

You visited 1 branch of the dungeon, and saw 1 of its levels.

You collected 52 gold pieces.

Inventory:

Hand Weapons
 a - a +0 shortbow (weapon)
 j - a +0 short sword
Missiles
 d - 22 arrows (quivered)
Armour
 e - a +0 robe (worn)
Jewellery
 b - a ring of protection from cold (left hand)
 g - a cursed ring of loudness {unknown}
Scrolls
 h - a scroll of noise {unknown}
 i - 2 scrolls of enchant weapon {unknown}
 k - a scroll of magic mapping {unknown}
 l - a scroll of recharging {unknown}
Books
 c - a book of Debilitation

   Spells                             Type                      Level
   a - Corona                         Hexes                        1
   b - Slow                           Hexes                        2
   c - Inner Flame                    Hexes/Fire                   3
   d - Portal Projectile              Hexes/Translocation          3
   e - Cause Fear                     Hexes                        4
   f - Leda's Liquefaction            Hexes/Earth                  4
Comestibles
 f - 2 bread rations


   Skills:
 - Level 1.0 Fighting
 * Level 4.0 Bows
 - Level 1.3 Dodging
 - Level 0.1 Stealth
 - Level 1.0 Spellcasting
 - Level 3.0 Hexes


You had 2 spell levels left.
You knew the following spells:

 Your Spells              Type           Power        Failure   Level  Hunger
a - Corona                Hex            #......      9%          1    ##.....


Dungeon Overview and Level Annotations

Branches:
Dungeon (1/15)

Altars:


Innate Abilities, Weirdness & Mutations

You have hooves in place of feet.
Armour fits poorly on your strangely shaped body.
You cover ground very quickly.
You have extremely tough skin. (AC +3)


Message History

You barely miss the goblin. You kick the goblin.
You kill the goblin!
Your Bows skill increases to level 4!
The jackal closely misses you. The jackal bites you.
* * * LOW HITPOINT WARNING * * *
Items here: ( ) †† a club; 5 arrows; a goblin corpse; a rat corpse Firing (i - inventory):
d - 24 arrows (quivered)
Press: ? - help, Shift-Dir - straight line, f - jackal
Aim: a jackal You shoot an arrow.
The arrow hits the jackal.
The jackal is moderately wounded.
The jackal bites you but does no damage.
The jackal closely misses you.
Firing (i - inventory):
d - 23 arrows (quivered)
Press: ? - help, Shift-Dir - straight line, f/p - jackal
Aim: a jackal (moderately wounded)
You shoot an arrow. The arrow completely misses the jackal.
The jackal bites you.
You die...

..........#
..........#########
..........#.......#
........#.#.#####.#
.##.....#...#...#.######
)##.....##..#.....#....#
.#########..###.###.##.#
.# #..# #.###.##.# .#
##'# #h@..(##.# .#
(......#######.# ##
...>...#..r..r.#
.......#.#######
#########.# #r# #.#
#.###### #......#


You could see a jackal.

Vanquished Creatures
  3 dart slugs (D:1)
  A ball python (D:1)
  2 bats (D:1)
  2 giant cockroaches (D:1)
  3 goblins (D:1)
  A hobgoblin (D:1)
  A jackal (D:1)
  A frilled lizard (D:1)
  A kobold (D:1)
  2 rats (D:1)
17 creatures vanquished.

Notes
Turn   | Place    | Note
-------+----------+-------------------------------------------
     0 | D:1      | mastercheaf21 the Centaur Arcane Marksman began the quest for the Orb.
     0 | D:1      | Reached XP level 1. HP: 16/16 MP: 2/2
    11 | D:1      | Reached skill level 3 in Bows
    95 | D:1      | Reached XP level 2. HP: 23/23 MP: 3/3
   662 | D:1      | Reached skill level 4 in Bows
   665 | D:1      | Slain by a jackal

Skill      XL: |  1  2 |
---------------+-------+-----
Bows           | 3 4 |  4.0
Hexes          | 3 |  3.0
Fighting       | |  1.0
Dodging        | |  1.3
Stealth        | |  0.1
Spellcasting   | |  1.0

Action                   || total
-------------------------++-------
Melee: Shortbow          ||    45
       Kick              ||    14
 Fire: Shortbow          ||    52
Armor: Robe              ||    52
Dodge: Dodged            ||    72
